NYP
MAHONING VALLEY SCRAPPERS @ VERMONT LAKE MONSTERS
06/10/2048
 
TOP OF THE 1ST
Mahoning Valley Scrappers batting - Pitching for Vermont Lake Monsters : LHP Hector Perdomo
Pitching: LHP Hector Perdomo
Batting: RHB Juan Ordonez 0-0: Bunted foul
0-1: Ball
1-1: Called Strike
1-2: Foul Ball, location: 2F
1-2: Ball
2-2: Foul Ball, location: 2F
2-2: SINGLE (Groundball, 6MD, EV 95.6 MPH)
Batting: RHB Luis Roman 0-0: Called Strike
Juan Ordonez steals 2nd base
0-1: Ground out 6-3 (Groundball, 4M, EV 77.5 MPH)
Juan Ordonez to third
Batting: RHB Kevin Wiles 0-0: Ball
1-0: Foul Ball, location: 2F
1-1: Ball
2-1: Ball
3-1: Base on Balls
Batting: RHB Ricky Cordova 0-0: Called Strike
0-1: Ball
1-1: Foul Ball, location: 2F
1-2: Ball
2-2: Fly out, F7 (Flyball, 78S, EV 84.4 MPH)
Batting: LHB Dave Key 0-0: Ball
1-0: Called Strike
1-1: Fly out, F7 (Flyball, 7LM, EV 77.5 MPH)
Top of the 1st over - 0 runs, 1 hit, 0 errors, 2 left on base; Mahoning Valley 0 - Vermont 0
BOTTOM OF THE 1ST
Vermont Lake Monsters batting - Pitching for Mahoning Valley Scrappers : RHP Steven Costanza
Pitching: RHP Steven Costanza
Batting: LHB Nate Melendez 0-0: Ground out 4-3 (Groundball, 4, EV 80.0 MPH)
Batting: RHB Chris Temple 0-0: Hit by Pitch
Batting: RHB Zachary Anderson 0-0: Ball
1-0: Called Strike
1-1: Foul Ball, location: 2F
1-2: Foul Ball, location: 2F
1-2: Ball
2-2: Foul Ball, location: 2F
2-2: SINGLE (Groundball, 4M, EV 105.0 MPH) (infield hit)
Chris Temple to second
Batting: LHB Brian Puccio 0-0: Called Strike
0-1: Foul Ball, location: 2F
0-2: Ball
1-2: Foul Ball, location: 2F
1-2: Strikes out swinging
Batting: LHB Igor Ciobanu 0-0: Ball
1-0: Foul Ball, location: 2F
1-1: Fly out, F8 (Flyball, 8RM, EV 75.6 MPH)
Bottom of the 1st over - 0 runs, 1 hit, 0 errors, 2 left on base; Mahoning Valley 0 - Vermont 0
TOP OF THE 2ND
Mahoning Valley Scrappers batting - Pitching for Vermont Lake Monsters : LHP Hector Perdomo
Batting: RHB Jose Argueta 0-0: Swinging Strike
0-1: Called Strike
0-2: Foul Ball, location: 2F
0-2: Ball
1-2: Strikes out looking
Batting: RHB Justin Young 0-0: Foul Ball, location: 2F
0-1: Foul Ball, location: 2F
0-2: Ball
1-2: Strikes out swinging
Batting: RHB Jesus Montana 0-0: Swinging Strike
0-1: Foul Ball, location: 2F
0-2: Ball
1-2: Foul Ball, location: 2F
1-2: Strikes out swinging
Top of the 2nd over - 0 runs, 0 hits, 0 errors, 0 left on base; Mahoning Valley 0 - Vermont 0
BOTTOM OF THE 2ND
Vermont Lake Monsters batting - Pitching for Mahoning Valley Scrappers : RHP Steven Costanza
Batting: RHB Chris Prinzing 0-0: Called Strike
0-1: Called Strike
0-2: Ball
1-2: Hit by Pitch
Batting: LHB Victor Ferrermena 0-0: Ball
1-0: Called Strike
1-1: Ball
2-1: Ball
3-1: Foul Ball, location: 2F
3-2: Grounds into double play, 4-6-3 (Groundball, 4S, EV 86.9 MPH)
Batting: RHB Jon Coleman 0-0: Ball
1-0: Fly out, F4 (Line Drive, 4, EV 75.0 MPH)
Bottom of the 2nd over - 0 runs, 0 hits, 0 errors, 0 left on base; Mahoning Valley 0 - Vermont 0
TOP OF THE 3RD
Mahoning Valley Scrappers batting - Pitching for Vermont Lake Monsters : LHP Hector Perdomo
Batting: RHB Aaron Stout 0-0: Called Strike
0-1: Ball
1-1: Ball
2-1: Foul Ball, location: 2F
2-2: Foul Ball, location: 2F
2-2: Foul Ball, location: 2F
2-2: Ball
3-2: Strikes out swinging
Batting: RHB Juan Ordonez 0-0: Foul Ball, location: 2F
0-1: Ball
1-1: SINGLE (Line Drive, 89S, EV 94.4 MPH)
Batting: RHB Luis Roman 0-0: Ball
Juan Ordonez steals 2nd base
1-0: Ball
2-0: Foul Ball, location: 2F
2-1: Ball
3-1: Foul Ball, location: 2F
3-2: Foul Ball, location: 2F
3-2: Base on Balls
Batting: RHB Kevin Wiles 0-0: Called Strike
0-1: Ball
1-1: Called Strike
1-2: Strikes out swinging
Batting: RHB Ricky Cordova 0-0: Fly out, F9 (Flyball, 89M, EV 86.9 MPH)
Top of the 3rd over - 0 runs, 1 hit, 0 errors, 2 left on base; Mahoning Valley 0 - Vermont 0
BOTTOM OF THE 3RD
Vermont Lake Monsters batting - Pitching for Mahoning Valley Scrappers : RHP Steven Costanza
Batting: RHB Jake Leffel 0-0: Ball
1-0: Foul Ball, location: 2F
1-1: Ball
2-1: Ball
3-1: Base on Balls
Batting: LHB Nate Melendez 0-0: Fly out, F5 (Line Drive, 5L, EV 75.0 MPH)
Batting: RHB Chris Temple 0-0: Called Strike
0-1: Foul Ball, location: 2F
0-2: Ball
1-2: Strikes out looking
Batting: RHB Zachary Anderson 0-0: Ball
1-0: Called Strike
1-1: Swinging Strike
1-2: Strikes out looking
Bottom of the 3rd over - 0 runs, 0 hits, 0 errors, 1 left on base; Mahoning Valley 0 - Vermont 0
TOP OF THE 4TH
Mahoning Valley Scrappers batting - Pitching for Vermont Lake Monsters : LHP Hector Perdomo
Batting: LHB Dave Key 0-0: Called Strike
0-1: Ball
1-1: Ball
2-1: Ground out 3-1 (Groundball, 3D, EV 103.8 MPH)
Batting: RHB Jose Argueta 0-0: Ball
1-0: Ball
2-0: Ball
3-0: Called Strike
3-1: Swinging Strike
3-2: Fly out, F9 (Flyball, 9, EV 85.0 MPH)
Batting: RHB Justin Young 0-0: Called Strike
0-1: Ball
1-1: Foul Ball, location: 2F
1-2: Strikes out swinging
Top of the 4th over - 0 runs, 0 hits, 0 errors, 0 left on base; Mahoning Valley 0 - Vermont 0
BOTTOM OF THE 4TH
Vermont Lake Monsters batting - Pitching for Mahoning Valley Scrappers : RHP Steven Costanza
Batting: LHB Brian Puccio 0-0: Called Strike
0-1: Ball
1-1: Called Strike
1-2: Strikes out swinging
Batting: LHB Igor Ciobanu 0-0: Foul Ball, location: 2F
0-1: Ball
1-1: Fly out, F8 (Flyball, 8LD, EV 98.1 MPH)
Batting: RHB Chris Prinzing 0-0: Called Strike
0-1: Foul Ball, location: 2F
0-2: Ball
1-2: Ball
2-2: SINGLE (Flyball, 8LS, EV 83.8 MPH)
Batting: LHB Victor Ferrermena 0-0: Ball
1-0: Called Strike
1-1: Ball
2-1: Ball
Wild Pitch!
Chris Prinzing to second
3-1: Foul Ball, location: 2F
3-2: Strikes out swinging
Bottom of the 4th over - 0 runs, 1 hit, 0 errors, 1 left on base; Mahoning Valley 0 - Vermont 0
TOP OF THE 5TH
Mahoning Valley Scrappers batting - Pitching for Vermont Lake Monsters : LHP Hector Perdomo
Pitching: RHP Igoryok Wolgaevsky
Batting: RHB Jesus Montana 0-0: SINGLE (Groundball, 4MD, EV 103.1 MPH)
Batting: RHB Aaron Stout 0-0: Ball
1-0: Foul Ball, location: 2F
1-1: Ball
2-1: Called Strike
2-2: Foul Ball, location: 2F
2-2: Strikes out swinging
Pinch Hitting: RHB John Shaffer 0-0: Ball
1-0: Foul Ball, location: 2F
1-1: 2-RUN HOME RUN (Flyball, 7D, EV 96.9 MPH), Distance : 372 ft
Batting: RHB Luis Roman 0-0: Ball
1-0: Foul Ball, location: 2F
1-1: Ball
2-1: Fly out, F9 (Flyball, 9, EV 91.2 MPH)
Batting: RHB Kevin Wiles 0-0: Foul Ball, location: 2F
0-1: Swinging Strike
0-2: Strikes out swinging
Top of the 5th over - 2 runs, 2 hits, 0 errors, 0 left on base; Mahoning Valley 2 - Vermont 0
BOTTOM OF THE 5TH
Vermont Lake Monsters batting - Pitching for Mahoning Valley Scrappers : RHP Steven Costanza
Now in CF: Jonathan Livingston
Batting: RHB Jon Coleman 0-0: Foul Ball, location: 2F
0-1: Foul Ball, location: 2F
0-2: Foul Ball, location: 2F
0-2: SINGLE (Flyball, 9LS, EV 88.8 MPH)
Batting: RHB Jake Leffel 0-0: Ball
1-0: TRIPLE (Flyball, 89XD, EV 89.4 MPH)
Jon Coleman scores
Batting: LHB Nate Melendez 0-0: Ground out 4-3 (Groundball, 4, EV 80.0 MPH)
Jake Leffel scores
Batting: RHB Chris Temple 0-0: Ground out 6-3 (Groundball, 6S, EV 61.2 MPH)
Batting: RHB Zachary Anderson 0-0: Ball
1-0: Ball
2-0: Called Strike
2-1: Ball
3-1: Swinging Strike
3-2: Fly out, F3 (Popup, 3F, EV 62.5 MPH)
Bottom of the 5th over - 2 runs, 2 hits, 0 errors, 0 left on base; Mahoning Valley 2 - Vermont 2
TOP OF THE 6TH
Mahoning Valley Scrappers batting - Pitching for Vermont Lake Monsters : RHP Igoryok Wolgaevsky
Batting: RHB Ricky Cordova 0-0: Foul Ball, location: 2F
0-1: Ball
1-1: Ground out 5-3 (Groundball, 5, EV 79.4 MPH)
Batting: LHB Dave Key 0-0: Ball
1-0: Ball
2-0: Single, Error in OF, E8, batter to second base (Line Drive, 8LS, EV 105.0 MPH)
Pitching: LHP Adam Wood
Batting: RHB Jose Argueta 0-0: Ball
1-0: Called Strike
1-1: Ball
2-1: Ground out U3 (Groundball, 3, EV 85.0 MPH)
Dave Key to third
Batting: RHB Justin Young 0-0: Ball
Wild Pitch!
Dave Key scores
1-0: Swinging Strike
1-1: Ball
2-1: DOUBLE (Line Drive, 78D, EV 104.4 MPH)
Batting: RHB Jesus Montana 0-0: Foul Ball, location: 2F
0-1: Ball
1-1: Ball
2-1: Ball
3-1: Called Strike
3-2: Foul Ball, location: 2F
3-2: Base on Balls
Batting: RHB Aaron Stout 0-0: Foul Ball, location: 2F
0-1: Foul Ball, location: 2F
0-2: Strikes out swinging
Top of the 6th over - 1 run, 2 hits, 1 error, 2 left on base; Mahoning Valley 3 - Vermont 2
BOTTOM OF THE 6TH
Vermont Lake Monsters batting - Pitching for Mahoning Valley Scrappers : RHP Steven Costanza
Batting: LHB Brian Puccio 0-0: Ball
1-0: Ball
2-0: Called Strike
2-1: Ball
3-1: Swinging Strike
3-2: Foul Ball, location: 2F
3-2: Foul Ball, location: 2F
3-2: Strikes out swinging
Batting: LHB Igor Ciobanu 0-0: Ball
1-0: Ball
2-0: Fly out, F8 (Flyball, 8RM, EV 83.8 MPH)
Batting: RHB Chris Prinzing 0-0: Ball
1-0: Ball
2-0: Called Strike
2-1: Foul Ball, location: 2F
2-2: Foul Ball, location: 2F
2-2: Foul Ball, location: 2F
2-2: Strikes out swinging
Bottom of the 6th over - 0 runs, 0 hits, 0 errors, 0 left on base; Mahoning Valley 3 - Vermont 2
TOP OF THE 7TH
Mahoning Valley Scrappers batting - Pitching for Vermont Lake Monsters : LHP Adam Wood
Batting: RHB Jonathan Livingston 0-0: Ball
1-0: Ball
2-0: Ball
3-0: Called Strike
3-1: Called Strike
3-2: Strikes out looking
Batting: RHB Luis Roman 0-0: Ball
1-0: Ball
2-0: Ball
3-0: Called Strike
3-1: Swinging Strike
3-2: Foul Ball, location: 2F
3-2: Foul Ball, location: 2F
3-2: Strikes out swinging
Batting: RHB Kevin Wiles 0-0: Swinging Strike
0-1: Ball
1-1: Ball
2-1: Fly out, F9 (Flyball, 9S, EV 92.5 MPH)
Top of the 7th over - 0 runs, 0 hits, 0 errors, 0 left on base; Mahoning Valley 3 - Vermont 2
BOTTOM OF THE 7TH
Vermont Lake Monsters batting - Pitching for Mahoning Valley Scrappers : RHP Steven Costanza
Batting: LHB Victor Ferrermena 0-0: Ball
1-0: Ball
2-0: SINGLE (Groundball, 4M, EV 109.4 MPH) (infield hit)
Batting: RHB Jon Coleman 0-0: Swinging Strike
0-1: Fielders Choice at 2nd, 4-6 (Groundball, 4, EV 85.6 MPH)
Batting: RHB Jake Leffel 0-0: Fly out, F9 (Flyball, 9, EV 90.6 MPH)
Batting: LHB Nate Melendez 0-0: Ball
1-0: Ball
2-0: Ground out U3 (Groundball, 3, EV 103.8 MPH)
Bottom of the 7th over - 0 runs, 1 hit, 0 errors, 1 left on base; Mahoning Valley 3 - Vermont 2
TOP OF THE 8TH
Mahoning Valley Scrappers batting - Pitching for Vermont Lake Monsters : LHP Adam Wood
Pitching: RHP Emanuel Andrade
Batting: RHB Ricky Cordova 0-0: Foul Ball, location: 2F
0-1: Ball
1-1: TRIPLE (Groundball, 5L, EV 103.1 MPH)
Batting: LHB Dave Key 0-0: Intentional Walk
Batting: RHB Jose Argueta 0-0: Ball
1-0: Ground out 6-3 (Groundball, 56, EV 81.9 MPH)
Dave Key to second
Batting: RHB Justin Young 0-0: SINGLE (Groundball, 6, EV 96.2 MPH)
Ricky Cordova scores
Dave Key to third
Runner from 3rd tries for Home, SAFE, throw by CF to home
Pitching: RHP John Harrell
Batting: RHB Jesus Montana 0-0: Foul Ball, location: 2F
0-1: Swinging Strike
0-2: Strikes out looking
Batting: RHB Aaron Stout 0-0: Ball
1-0: Ball
2-0: Called Strike
2-1: Ball
3-1: Called Strike
3-2: Foul Ball, location: 2F
3-2: Strikes out swinging, 2-3 out at first.
Top of the 8th over - 2 runs, 2 hits, 0 errors, 1 left on base; Mahoning Valley 5 - Vermont 2
BOTTOM OF THE 8TH
Vermont Lake Monsters batting - Pitching for Mahoning Valley Scrappers : RHP Steven Costanza
Batting: RHB Chris Temple 0-0: Called Strike
0-1: DOUBLE (Flyball, 8RXD, EV 94.4 MPH)
Batting: RHB Zachary Anderson 0-0: Foul Ball, location: 2F
0-1: Ground out 1-3 (Groundball, 15, EV 69.4 MPH)
Pitching: RHP Danny Roe
Batting: LHB Brian Puccio 0-0: Called Strike
0-1: Ball
1-1: Called Strike
1-2: Strikes out swinging
Batting: LHB Igor Ciobanu 0-0: Foul Ball, location: 2F
0-1: Foul Ball, location: 2F
0-2: Ball
1-2: Ground out 5-3 (Groundball, 56, EV 96.2 MPH)
Bottom of the 8th over - 0 runs, 1 hit, 0 errors, 1 left on base; Mahoning Valley 5 - Vermont 2
TOP OF THE 9TH
Mahoning Valley Scrappers batting - Pitching for Vermont Lake Monsters : RHP John Harrell
Batting: RHB Jonathan Livingston 0-0: Called Strike
0-1: Ball
1-1: Fly out, F6 (Popup, 6S, EV 70.6 MPH)
Batting: RHB Luis Roman 0-0: Called Strike
0-1: Called Strike
0-2: Fly out, F8 (Flyball, 8RM, EV 92.5 MPH)
Batting: RHB Kevin Wiles 0-0: Ball
1-0: Foul Ball, location: 2F
1-1: Foul Ball, location: 2F
1-2: Strikes out swinging
Top of the 9th over - 0 runs, 0 hits, 0 errors, 0 left on base; Mahoning Valley 5 - Vermont 2
BOTTOM OF THE 9TH
Vermont Lake Monsters batting - Pitching for Mahoning Valley Scrappers : RHP Danny Roe
Batting: RHB Chris Prinzing 0-0: Foul Ball, location: 2F
0-1: Ball
1-1: Swinging Strike
1-2: Foul Ball, location: 2F
1-2: Foul Ball, location: 2F
1-2: Strikes out swinging
Batting: LHB Victor Ferrermena 0-0: Foul Ball, location: 2F
0-1: Foul Ball, location: 2F
0-2: Ball
1-2: Hit by Pitch
Batting: RHB Jon Coleman 0-0: Swinging Strike
0-1: Ball
1-1: Swinging Strike
1-2: Strikes out looking
Pinch Hitting: RHB Jonathan Ellis 0-0: Ball
1-0: SINGLE (Groundball, 25, EV 74.4 MPH) (infield hit)
Victor Ferrermena to second
Batting: LHB Nate Melendez 0-0: Called Strike
0-1: Swinging Strike
0-2: Ball
1-2: SINGLE (Groundball, 4MD, EV 100.6 MPH)
Victor Ferrermena to third
Jonathan Ellis to second
Batting: RHB Chris Temple 0-0: Ball
1-0: Called Strike
1-1: Ball
2-1: Called Strike
2-2: SINGLE (Groundball, 56S, EV 73.8 MPH) (infield hit)
Victor Ferrermena scores
Jonathan Ellis to third
Nate Melendez to second
Batting: RHB Zachary Anderson 0-0: Called Strike
0-1: Swinging Strike
0-2: Ball
1-2: Foul Ball, location: 2F
1-2: Ball
2-2: Ground out 4-3 (Groundball, 4, EV 84.4 MPH)
Bottom of the 9th over - 1 run, 3 hits, 0 errors, 3 left on base; Mahoning Valley 5 - Vermont 3
Tuesday, March 28th , 2023 - OOTP Baseball 23.10 Build 110